 Dungeon Crawl Stone Soup version 0.20.1-1-g8b1a95d (webtiles) character file.

53 Irenicus the Grasshopper (level 3, -2/16 HPs)
             Began as a Felid Warper on Oct 10, 2017.
             Slain by an adder (5 damage)
             ... on level 3 of the Dungeon.
             The game lasted 00:03:12 (972 turns).

Irenicus the Grasshopper (Felid Warper)              Turns: 972, Time: 00:03:14

Health: -2/16      AC:  1    Str:  6 (7)  XL:     3   Next: 62%
Magic:  7/7        EV: 18    Int: 14      God:
Gold:   113        SH:  0    Dex: 16      Spells: 6/6 levels left
                                        Lives:  0   Deaths: 0

rFire    . . .     SeeInvis +     - Unarmed
rCold    . . .     Gourm    .   (shield unavailable)
rNeg     . . .     Faith    .   (armour unavailable)
rPois    .         Spirit   .   (helmet unavailable)
rElec    .         Reflect  .   (cloak unavailable)
rCorr    .         Harm     .   (gloves unavailable)
MR       .....                  (boots unavailable)
Stlth    +++.......             h - amulet of regeneration
Regen    0.5/turn               (no ring)
MPRegen  0.1/turn               (no ring)

@: lethally poisoned (-2 -> -3), quick
A: no armour, no weapons or thrown items, stealth, claws 1, fangs 3, see
invisible, carnivore 3, deterioration 1, speed 1, shaggy fur 1, slow metabolism
1, evolution 1, sharp paws
a: no special abilities


You were on level 3 of the Dungeon.
You were not hungry.

You visited 1 branch of the dungeon, and saw 3 of its levels.

You collected 113 gold pieces.

Inventory:

Jewellery
 h - an amulet of regeneration (around neck)
Scrolls
 b - a scroll of blinking
 d - a scroll of random uselessness {unknown}
 e - a scroll of recharging {unknown}
Books
 a - a book of Spatial Translocations

   Spells                             Type                      Level
   a - Blink                          Translocation                2
   b - Shroud of Golubria             Charms/Translocation         2
   c - Lesser Beckoning               Translocation                3
   d - Gell's Gravitas                Translocation                3
   e - Teleport Other                 Translocation                3
   f - Passage of Golubria            Translocation                4
Comestibles
 c - 3 meat rations
 f - 2 royal jellies


   Skills:
 - Level 2.0 Fighting
 - Level 3.2 Dodging
 + Level 3.9 Stealth
 + Level 2.8 Unarmed Combat
 - Level 2.0 Spellcasting
   Level 4.4 Translocations


You had 6 spell levels left.
You didn't know any spells.

Dungeon Overview and Level Annotations

Branches:
Dungeon (3/15)

Altars:


Innate Abilities, Weirdness & Mutations

You cannot wear armour.
You are incapable of wielding weapons or throwing items.
Your paws allow you to move quietly. (Stealth)
You have sharp claws.
You have razor-sharp teeth.
You have supernaturally acute eyesight. (SInv)
You are carnivorous and can eat meat at any time.
You cover ground quickly.
You are covered in fur. (AC +1)
You have a slow metabolism.
Your sharp claws are effective at attacking unaware monsters.
Your body sometimes deteriorates upon taking damage.
You evolve.


Message History

The adder is moderately wounded.
The adder bites you.
You are poisoned.
The adder poisons you!
You feel a genetic drift.
You feel clever.
You barely miss the adder.
The adder is moderately wounded.
You feel sick. The adder bites you.
You are more poisoned.
The adder poisons you! The adder bites you.
* * * LOW HITPOINT WARNING * * *
You aren't carrying any potions.
You aren't carrying any items that you can evoke.
Put on which piece of jewellery? (? for menu, Esc to quit)
Okay, then.
You feel sick.
You closely miss the adder. Your bite misses the adder.
The adder is moderately wounded.
The adder bites you.
You die...

......####...#######.#
... ##..# #S# #..# #.#
#..# #.# ##.# #.#
#######.####### #.#
#..............
#.####.####.#######
#...S@..%†.>#
######.###### #.# #.#
#.# #.# #.# #.# #.#


You could see an adder.

Vanquished Creatures
  3 adders
  2 leopard geckos (D:2)
  5 bats (D:1)
  3 giant cockroaches
  A goblin (D:1)
  3 hobgoblins (D:1)
  3 kobolds
  A frilled lizard (D:1)
  5 rats (D:1)
26 creatures vanquished.

Notes
Turn   | Place    | Note
-------+----------+-------------------------------------------
     0 | D:1      | Irenicus the Felid Warper began the quest for the Orb.
     0 | D:1      | Reached XP level 1. HP: 9/9 MP: 4/4
    89 | D:1      | Reached skill level 1 in Stealth
   248 | D:1      | Reached XP level 2. HP: 8/13 MP: 6/6
   782 | D:2      | Gained mutation: You are dopey. (Int -2) [potion of mutation]
   782 | D:2      | Gained mutation: Your body sometimes deteriorates upon taking damage. [potion of mutation]
   782 | D:2      | Gained mutation: You evolve. [potion of mutation]
   787 | D:2      | Reached XP level 3. HP: 5/16 MP: 7/7
   968 | D:3      | Lost mutation: You are dopey. (Int -2) [evolution]
   972 | D:3      | Slain by an adder

Skill      XL: |  1  2 |
---------------+-------+-----
Stealth        | 2 3 |  3.9
Fighting       | |  2.0
Dodging        | |  3.2
Unarmed Combat | |  2.8
Spellcasting   | |  2.0
Translocations | |  4.4

Action                   || total
-------------------------++-------
Melee: Unarmed           ||    85
       Bite              ||     5
       Punch             ||     1
  Use: Potion            ||     1
 Stab: Sleeping          ||     6
  Eat: Chunk             ||     2
Armor: Skin              ||     5
Dodge: Dodged            ||    65
